 Dungeon Crawl Stone Soup version 0.26-a0-812-g31a745ddcd (webtiles) character file.

Game seed: 4098744971043109871

2287 nuthulu the Fighter (level 9, 0/62 HPs)
             Began as a Gargoyle Fighter on Nov 27, 2020.
             Was a Priest of Okawaru.
             Killed by nerve-wracking pain
             ... invoked by an orc priest
              (2 damage)
             ... on level 7 of the Dungeon.
             The game lasted 00:10:44 (7068 turns).

nuthulu the Fighter (Gargoyle Fighter)              Turns: 7068, Time: 00:10:45

Health: 0/62       AC: 20    Str: 21    XL:     9   Next: 39%
Magic:  9/9        EV:  3    Int: 15    God:    Okawaru [***...]
Gold:   298        SH: 13    Dex: 17    Spells: 8/8 levels left

rFire    . . .     SeeInvis .   a - +1 flail
rCold    . . .     Faith    .   c - +3 kite shield
rNeg     + . .     Spirit   .   v - +0 plate armour
rPois    ∞         Reflect  .   r - +0 helmet
rElec    +         Harm     .   (no cloak)
rCorr    .         Rampage  .   t - +0 pair of gloves
MR       .....                  (no boots)
Stlth    ..........             e - amulet of the acrobat
HPRegen  0.20/turn              i - +6 ring of intelligence
MPRegen  0.11/turn              j - +6 ring of dexterity

@: no status effects
A: negative energy resistance 1, electricity resistance, unbreathing,
petrification resistance, rot immunity, AC +6
a: Heroism, Renounce Religion


You were on level 7 of the Dungeon.
You worshipped Okawaru.
Okawaru was most pleased with you.
You visited 2 branches of the dungeon, and saw 8 of its levels.

You collected 406 gold pieces.
You spent 108 gold pieces at shops.

Inventory:

Hand Weapons
 a - a +1 flail (weapon)
Armour
 c - a +3 kite shield (worn)
 r - a +0 helmet (worn)
 t - a +0 pair of gloves (worn)
 v - a +0 plate armour (worn)
Jewellery
 e - an amulet of the acrobat (around neck)
 i - a +6 ring of intelligence (left hand)
 j - a +6 ring of dexterity (right hand)
Wands
 o - a wand of paralysis (11)
 x - a wand of iceblast (6)
Scrolls
 k - a scroll of fear
 m - a scroll of remove curse
 p - 2 scrolls of magic mapping
 q - 2 scrolls of teleportation
 u - a scroll of fog
Potions
 b - a potion of berserk rage
 d - a potion of might
 f - a potion of attraction
 g - 3 potions of mutation
 h - 2 potions of heal wounds
 l - a potion of flight
 n - a potion of curing {unknown}
 s - a potion of ambrosia {unknown}


   Skills:
 + Level 10.0 Fighting
 + Level 8.9 Maces & Flails
 - Level 3.2 Armour
 - Level 3.4 Shields


You had 8 spell levels left.
You didn't know any spells.
Your spell library was empty.

Dungeon Overview and Level Annotations

Branches:
Dungeon (7/15)             Temple (1/1) D:5

Altars:
Cheibriados
Dithmenos
Elyvilon
Hepliaklqana
Okawaru
Vehumet
Wu Jian

Shops:
D:4 *

Annotations:
D:6 Prince Ribbit


Innate Abilities, Weirdness & Mutations

You are resistant to torment.
Your stone body is resilient. (AC +6)
You are immune to poison.
You resist negative energy. (rN+)
You are resistant to electric shocks. (rElec)
You can survive without breathing.
You are immune to petrification.
You are immune to rotting.


Message History

The orc warrior is moderately wounded.
You block the orc warrior's attack. The orc hits you but does no damage.
You hit the orc warrior.
The orc warrior is heavily wounded.
You block the orc warrior's attack.
The orc priest calls down the wrath of Beogh upon you.
Beogh smites you!
* * * LOW HITPOINT WARNING * * *
You hit the orc.
The orc is heavily wounded.
The orc hits you but does no damage.
The orc priest calls down the wrath of Beogh upon you.
Beogh smites you!
* * * LOW HITPOINT WARNING * * *
You block the orc warrior's attack.
You hit the orc.
You kill the orc!
The orc priest calls down the wrath of Beogh upon you.
Pain shoots through your body!
You die...

....#.......#
#.......#.# #
..#._.#/.##.####
#...............
#...#....##.#### ##
#........##.# .#
###########o..o...#
.###.......# ####)####
...........### #@o.#
.............###...#
...#########..##...#
#.##©......##.##...#
#.#8.##.##.8#.##...#
..#..##.##..#.##...#
..#(........#..#...####
.©#)...©....#©..........
..#.........#...........


You could see an orc warrior and an orc priest.

Vanquished Creatures
  Duvessa (D:6)
  2 water moccasins
  An orc warrior (D:6)
  2 ice beasts
  2 ogres
  A centaur (D:5)
  2 bullfrogs (D:6)
  Dowan (D:6)
  2 scorpions
  A killer bee (D:7)
  4 wights (D:7)
  3 howler monkeys
  The ghost of Lanoc the Grave Robber, a weakling HaNe (D:7)
  A hound (D:5)
  A bullfrog zombie (D:7)
  An orc priest (D:7)
  2 bullfrog skeletons
  2 iguanas
  5 orc wizards
  7 worker ants
  A worker ant zombie (D:7)
  Robin (D:4)
  3 gnolls (D:6)
  7 adders
  4 white imps
  An ufetubus (D:7)
  2 oozes
  An adder zombie (D:6)
  2 adder skeletons
  3 worms
  2 dart slugs
  8 leopard geckos
  18 orcs
  2 ball pythons
  3 giant cockroaches
  18 goblins
  8 hobgoblins
  14 jackals
  3 quokkas
  13 bats
  4 frilled lizards
  7 kobolds
  A leopard gecko skeleton (D:5)
  7 rats
175 creatures vanquished.

Vanquished Creatures (others)
  A quokka (D:5)
  10 plants (D:1)
11 creatures vanquished.

Grand Total: 186 creatures vanquished

Notes
Turn   | Place    | Note
-------+----------+-------------------------------------------
     0 | D:1      | nuthulu the Gargoyle Fighter began the quest for the Orb.
     0 | D:1      | Reached XP level 1. HP: 14/14 MP: 1/1
   170 | D:1      | Reached XP level 2. HP: 18/20 MP: 2/2
   469 | D:1      | Reached skill level 4 in Fighting
   482 | D:1      | Reached XP level 3. HP: 18/24 MP: 3/3
  1038 | D:2      | Found a snail-covered altar of Cheibriados.
  1038 | D:2      | Found an ornate altar of the Wu Jian Council.
  1109 | D:2      | Found an iron altar of Okawaru.
  1132 | D:2      | Became a worshipper of Warmaster Okawaru
  1432 | D:2      | Reached XP level 4. HP: 30/30 MP: 4/4
  2661 | D:3      | Reached skill level 5 in Fighting
  2661 | D:3      | Reached XP level 5. HP: 16/35 MP: 5/5
  3143 | D:4      | Noticed Robin
  3148 | D:4      | Killed Robin
  3175 | D:4      | Reached XP level 6. HP: 38/40 MP: 6/6
  3424 | D:4      | Found Ukampup's Assorted Antiques.
  3427 | D:4      | Bought a pair of gloves for 108 gold pieces
  3541 | D:4      | Reached skill level 6 in Fighting
  3725 | D:5      | Entered Level 5 of the Dungeon
  3730 | D:5      | Noticed an ice beast
  3771 | D:5      | Reached * piety under Okawaru
  3771 | D:5      | Reached skill level 5 in Maces & Flails
  3774 | D:5      | Reached XP level 7. HP: 13/47 MP: 7/7
  4060 | D:5      | Found a shadowy altar of Dithmenos.
  4140 | D:5      | Found a hazy altar of Hepliaklqana.
  4288 | D:5      | Found a white marble altar of Elyvilon.
  4343 | D:5      | Found a staircase to the Ecumenical Temple.
  4352 | Temple   | Entered the Ecumenical Temple
  4493 | D:5      | Reached ** piety under Okawaru
  4493 | D:5      | Reached skill level 7 in Fighting
  4920 | D:6      | Reached XP level 8. HP: 53/53 MP: 8/8
  4999 | D:6      | Noticed Prince Ribbit
  5062 | D:6      | Reached skill level 8 in Fighting
  5285 | D:6      | Reached *** piety under Okawaru
  5816 | D:6      | Noticed Duvessa
  5823 | D:6      | Noticed Dowan
  5841 | D:6      | Killed Duvessa
  5847 | D:6      | Killed Dowan
  5850 | D:6      | Reached skill level 9 in Fighting
  6423 | D:7      | Found a transporter.
  6456 | D:7      | Reached XP level 9. HP: 53/60 MP: 9/9
  6479 | D:7      | Found a transporter.
  6485 | D:7      | Noticed Lanoc's ghost (weakling HaNe)
  6716 | D:7      | Killed Lanoc's ghost
  6723 | D:7      | Reached skill level 10 in Fighting
  7030 | D:7      | Found a radiant altar of Vehumet.
  7067 | D:7      | HP: 2/62 [orc priest/divine providence (14)]
  7068 | D:7      | Killed from afar by an orc priest

Illustrated notes

Levels and vault maps discovered:
D:1:      wander_arrival_peaceful_grave, layout_basic, serial_bayou_lagoon_b
D:2:      layout_loops_cross, gammafunk_temple_overflow_forgotten
D:3:      layout_rooms, kennysheep_generic_room_13
D:4:      layout_rooms, serial_shops, kennysheep_mini, uniq_robin
D:5:      layout_basic, elyvilon_altar_4, nicolae_dithmenos_the_darkroom,
          lemuel_doored_altar, lemuel_temple_firewalk_b
D:6:      layout_layer_cave, chequers_serial_rivers_large_a, uniq_eustachio,
          uniq_duvessa, uniq_prince_ribbit1
D:7:      layout_loops_cross, vehumet_altar_wand_db, gammafunk_ghost_arena
Temple:   jpeg_temple_clearing

Skill      XL: |  1  2  3  4  5  6  7  8  9 |
---------------+----------------------------+-----
Fighting       | 4 5 6 7 9 10 | 10.0
Maces & Flails | 3 4 5 6 8 |  8.9
Armour         | |  3.2
Shields        | |  3.4

Action                   |  1- 3 |  4- 6 |  7- 9 || total
-------------------------+-------+-------+-------++-------
Melee: Flail             |   117 |   235 |   327 ||   679
  Use: Scroll            |     6 |     9 |     3 ||    18
Armor: Scale mail        |    77 |   122 |       ||   199
       Plate armour      |       |    10 |   189 ||   199
Dodge: Dodged            |    44 |    78 |    51 ||   173
Block: Kite shield       |    81 |   157 |   234 ||   472

Table legend: (Time is in decaauts)
 A = Elapsed time spent in this place.
 B = Non-inter-level travel time spent in this place.
 C = Inter-level travel time spent in this place.
 D = Time resting spent in this place.
 E = Time spent auto-exploring this place.
 F = Levels seen in this place.
 G = Mean time per level.
                   A        B        C        D        E       F      G
               +--------+--------+--------+--------+--------+-----+--------+
         Total |   7248 |   7116 |    132 |   2182 |   3068 |   8 |  906.0 |
       Dungeon |   7246 |   7114 |    132 |   2182 |   3068 |   7 | 1035.1 |
        Temple |      1 |      1 |      0 |      0 |      0 |   1 |    1.0 |
               +--------+--------+--------+--------+--------+-----+--------+

Top non-repeatable levels by time:
     D:6: 1640 daAuts
     D:1: 1079 daAuts
     D:4: 1065 daAuts
     D:3: 979 daAuts
     D:2: 948 daAuts
     D:5: 865 daAuts
     D:7: 667 daAuts
  Temple: 1 daAuts
